 Dungeon Crawl Stone Soup version 0.30-a0-358-g0d69a1922f (webtiles) character file.

Game seed: 17807631298780723844

103 NinjaNoafa the Cutter (level 4, -1/35 HPs)
             Began as a Demonspawn Monk on Nov 10, 2022.
             Slain by Grinder (4 damage)
             ... on level 3 of the Dungeon.
             The game lasted 00:03:49 (2327 turns).

NinjaNoafa the Cutter (Demonspawn Monk)             Turns: 2327, Time: 00:03:50

Health: -1/35      AC:  4    Str:  9 (11) XL:     4   Next: 51%
Magic:  4/4        EV: 13    Int: 10 (12) God:
Gold:   107        SH:  0    Dex: 16 (17) Spells: 3/3 levels left

rFire   . . .      SeeInvis .    a - +1 short sword
rCold   . . .      Faith    .    (no shield)
rNeg    . . .      Spirit   .    p - +0 leather armour
rPois   .          Reflect  .    j - +0 helmet
rElec   .          Harm     .    (no cloak)
rCorr   .          Rampage  .    (no gloves)
Will    .....                    (no boots)
Stlth   ++........               (no amulet)
HPRegen 0.25/turn                (no ring)
MPRegen 0.09/turn                (no ring)

@: brilliant
A: spiny 1, sturdy frame 2
a: no special abilities


You were on level 3 of the Dungeon.
You visited 1 branch of the dungeon, and saw 3 of its levels.

You collected 107 gold pieces.

Inventory:

Hand Weapons
 a - a +1 short sword (weapon)
Missiles
 d - 33 stones
 f - a boomerang (quivered)
Armour
 j - a +0 helmet (worn)
 p - a +0 leather armour (worn)
Scrolls
 e - 2 scrolls of noise {unknown}
 g - a scroll of torment {unknown}
 i - 2 scrolls of identify {unknown}
 l - 3 scrolls of teleportation {unknown}
 m - a scroll of poison {unknown}
Potions
 n - a potion of brilliance


   Skills:
 - Level 3.0 Fighting
 + Level 4.7 Short Blades
 - Level 3.0 Dodging
 - Level 1.7 Stealth


You had 3 spell levels left.
You didn't know any spells.
Your spell library was empty.

Dungeon Overview and Level Annotations

Branches:
Dungeon (3/15)

Altars:

Annotations:
D:3 Grinder


Innate Abilities, Weirdness & Mutations

You are partially covered in sharp spines.
Your movements are less encumbered by armour. (ER -4)


Message History

Grinder is lightly wounded.
Grinder barely misses you.
You hit Grinder.
Grinder is lightly wounded.
Grinder is struck by your spines. Grinder hits you.
You writhe in agony.
You hit Grinder.
Grinder is moderately wounded.
Grinder is struck by your spines. Grinder misses you.
You hit Grinder.
Grinder is heavily wounded.
As you read the scroll labelled UMEILANEEC, it crumbles to dust.
It is a scroll of enchant weapon.
Your +0 short sword glows red for a moment.
Grinder closely misses you.
You hit Grinder but do no damage.
Grinder is heavily wounded.
Grinder completely misses you.
You hit Grinder.
Grinder is severely wounded.
Grinder gestures at you. Pain shoots through your body!
You closely miss Grinder.
Grinder is severely wounded.
Grinder gestures at you. Pain shoots through your body!
You barely miss Grinder.
Grinder is severely wounded.
Grinder barely misses you.
You barely miss Grinder.
Grinder is severely wounded.
You hit Grinder.
Grinder is severely wounded.
Grinder is struck by your spines. Grinder hits you!
* * * LOW HITPOINT WARNING * * *
You writhe in agony.
* * * LOW HITPOINT WARNING * * *
You hit Grinder.
Grinder is severely wounded.
Grinder hits you.
You die...

........# #'#<..#...
... #.#.### #.#
####### #.#.. ..#
....... ..#### #.#
....... #..### #.#
....... #....# #.#
....... #.##.#
##.###.....[. #.##.#
#...@5....... #.##.#
##.####......
#.##.###### #.# .....
#.##......# #.# ....
#'#######.# #.# ...
..........####.####...
..
...........##.........
.
...........##.##.####+
.....)......#.##.##


You could see Grinder.

Vanquished Creatures
  4 adders
  A worm (D:2)
  A dart slug (D:2)
  4 orcs
  4 ball pythons
  3 bats
  3 endoplasms (D:2)
  4 giant cockroaches
  10 hobgoblins
  3 jackals (D:1)
  2 quokkas
  3 frilled lizards (D:1)
  9 kobolds
  3 rats
54 creatures vanquished.

Notes
Turn   | Place    | Note
-------+----------+-------------------------------------------
     0 | D:1      | NinjaNoafa the Demonspawn Monk began the quest for the Orb.
     0 | D:1      | Reached XP level 1. HP: 18/18 MP: 1/1
    82 | D:1      | Reached skill level 3 in Short Blades
    82 | D:1      | Gained mutation: You are partially covered in sharp spines.
                  | [demonic ancestry]
    82 | D:1      | Reached XP level 2. HP: 11/24 MP: 2/2
   578 | D:1      | Gained mutation: Your movements are slightly less
                  | encumbered by armour. (ER -2) [demonic ancestry]
   578 | D:1      | Reached XP level 3. HP: 29/29 MP: 3/3
  1236 | D:2      | Reached skill level 4 in Short Blades
  1606 | D:2      | Gained mutation: Your movements are less encumbered by
                  | armour. (ER -4) [demonic ancestry]
  1606 | D:2      | Reached XP level 4. HP: 30/35 MP: 4/4
  2273 | D:3      | Noticed Grinder
  2281 | D:3      | Paralysed by Grinder for 5 turns
  2291 | D:3      | Paralysed by Grinder for 4 turns
  2327 | D:3      | Slain by Grinder

Illustrated notes

Levels and vault maps discovered:
D:1:      ebering_trefoil_3fold, layout_basic
D:2:      layout_loops_ring, serial_bayou_pond_c
D:3:      layout_basic, amethyst_overflow_temple_binary,
          mainiacjoe_overflow_24_doors, nicolae_sif_muna_little_library,
          uniq_grinder

Skill      XL: |  1  2  3 |
---------------+----------+-----
Short Blades   | 3 4 |  4.7
Dodging        | 3 |  3.0
Fighting       | |  3.0
Stealth        | |  1.7

Action                   |  1- 3 |  4- 6 || total
-------------------------+-------+-------++-------
Melee: Short sword       |   131 |    57 ||   188
       Punch             |     2 |       ||     2
Throw: Stone             |     2 |       ||     2
       Boomerang         |       |     1 ||     1
  Use: Potion            |     1 |     5 ||     6
       Scroll            |       |     1 ||     1
 Stab: Sleeping          |     3 |     1 ||     4
Armor: Robe              |    20 |       ||    20
       Leather armour    |       |     4 ||     4
       Chain mail        |       |     3 ||     3
Dodge: Dodged            |    79 |    25 ||   104

Table legend: (Time is in decaauts)
 A = Elapsed time spent in this place.
 B = Non-inter-level travel time spent in this place.
 C = Inter-level travel time spent in this place.
 D = Time resting spent in this place.
 E = Time spent auto-exploring this place.
 F = Levels seen in this place.
 G = Mean time per level.
                   A        B        C        D        E       F      G
               +--------+--------+--------+--------+--------+-----+--------+
         Total |   2304 |   1988 |    316 |      0 |   1517 |   3 |  768.0 |
       Dungeon |   2304 |   1988 |    316 |      0 |   1517 |   3 |  768.0 |
               +--------+--------+--------+--------+--------+-----+--------+

Top non-repeatable levels by time:
     D:1: 1224 daAuts
     D:2: 947 daAuts
     D:3: 131 daAuts
